 Dungeon Crawl Stone Soup version 0.18.1-5-g4a78601 (webtiles) character file.

100 epen the Ruffian (level 4, -3/29 HPs)
             Began as a Gargoyle Monk on May 12, 2016.
             Killed by divine providence
             ... invoked by an orc priest
              (11 damage)
             ... on level 2 of the Dungeon.
             The game lasted 00:03:25 (1723 turns).

epen the Ruffian (Gargoyle Monk)                    Turns: 1723, Time: 00:03:26

Health: -3/29      AC:  6    Str: 15    XL:     4   Next: 73%
Magic:  4/4        EV: 13    Int: 10    God:
Gold:   66         SH:  0    Dex: 13    Spells: 0 memorised, 3 levels left

rFire  . . .     SeeInvis .       - Unarmed
rCold  . . .     Gourm    .     a - +0 robe
rNeg   + . .     Faith    .     (no shield)
rPois  ∞         Spirit   .     (no helmet)
rElec  +         Dismiss  .     (no cloak)
rCorr  .         Reflect  .     k - +0 pair of gloves (curse)
SustAt .         Harm     .     (no boots)
MR     .....                    (no amulet)
Stlth  ++........               (no ring)
                                (no ring)

@: not resistant to hostile enchantments, unstealthy
A: negative energy resistance 1, electricity resistance, unbreathing,
petrification resistance, rot immunity, AC +3
a: no special abilities


You were on level 2 of the Dungeon.
You were near starving.

You visited 1 branch of the dungeon, and saw 3 of its levels.

You collected 66 gold pieces.

Inventory:

Armour
 a - a +0 robe (worn)
 k - a cursed +0 pair of gloves (worn)
Scrolls
 e - a scroll of fear {unknown}
 f - 2 scrolls of fog {unknown}
 g - a scroll of remove curse {unknown}
 h - 2 scrolls of identify {unknown}
 i - a scroll of enchant weapon {unknown}
 j - a scroll of enchant armour {unknown}
 n - a scroll of teleportation {unknown}
Potions
 l - a potion of flight {unknown}
 m - a potion of curing {unknown}
Comestibles
 b - 6 bread rations
 c - 2 meat rations
 d - a slice of pizza


   Skills:
 + Level 3.8 Fighting
 + Level 2.2 Armour
 * Level 3.1 Dodging
 - Level 2.1 Stealth
 * Level 4.5 Unarmed Combat


You had 3 spell levels left.
You didn't know any spells.

Dungeon Overview and Level Annotations

Branches:
Dungeon (3/15)

Altars:

Annotations:
D:3 Sigmund, Terence


Innate Abilities, Weirdness & Mutations

You are resistant to torment.
Your stone body is resilient (AC +3).
You are immune to poison.
You resist negative energy.
You are resistant to electric shocks.
You can survive without breathing.
You are immune to petrification.
You are immune to rotting.


Message History

The orc hits you with a mace.
* * * LOW HITPOINT WARNING * * *
You are too injured to fight recklessly!
You are too injured to fight recklessly!
You barely miss the orc.
The orc is moderately wounded.
The orc misses you.
You closely miss the orc.
The orc is moderately wounded.
The orc barely misses you.
You barely miss the orc.
The orc is moderately wounded.
You completely miss the orc.
The orc is moderately wounded.
The orc closely misses you.
You closely miss the orc.
The orc is moderately wounded.
The orc priest mumbles some strange prayers to Beogh against you.
Beogh smites you!
You die...

#..........#..###.............#..
#...........[...#....<...........
#.........##..#............#.....
..........###....................
#.............................#..
#.........########...............
#...[.....# #...........#...
#.........# #####..........#...
..........#####>@oo..............
................###..............
..........(########...........÷..
..)......................#.#.....
..)..<......#..........#.#.######
..........#.#.####...#...#.#
..............# #...#.....#
#.........#.### #.........###
..............####...........#


You could see an orc priest and an orc.

Vanquished Creatures
  A gnoll (D:3)
  4 adders
  2 giant geckos (D:2)
  An orc (D:2)
  6 bats
  A giant cockroach (D:2)
  8 hobgoblins
  3 giant newts
  10 goblins
  7 kobolds
  9 rats
52 creatures vanquished.

Notes
Turn   | Place    | Note
--------------------------------------------------------------
     0 | D:1      | epen the Gargoyle Monk began the quest for the Orb.
     0 | D:1      | Reached XP level 1. HP: 14/14 MP: 1/1
   169 | D:1      | Reached XP level 2. HP: 13/19 MP: 2/2
   186 | D:1      | Reached skill level 1 in Armour
   649 | D:1      | Reached XP level 3. HP: 22/23 MP: 3/3
  1126 | D:2      | Reached XP level 4. HP: 24/29 MP: 4/4
  1690 | D:3      | Noticed Terence
  1690 | D:3      | Noticed Sigmund
  1723 | D:2      | Killed from afar by an orc priest

Skill      XL: |  1  2  3  4 |
---------------+-------------+-----
Armour         | 1 2 |  2.2
Dodging        | 3 |  3.1
Fighting       | |  3.8
Stealth        | |  2.1
Unarmed Combat | |  4.5

Action                   |  1- 3 |  4- 6 || total
-------------------------+-------+-------++-------
Melee: Unarmed           |   144 |    66 ||   210
       Punch             |     2 |       ||     2
 Stab: Sleeping          |     3 |     3 ||     6
  Eat: Chunk             |     1 |       ||     1
Armor: Robe              |    42 |    11 ||    53
Dodge: Dodged            |   104 |    49 ||   153
